 Dungeon Crawl Stone Soup version 0.27-a0-78-g75406f0b48 (webtiles) character file.

Game seed: 6613435310238802910

6360 Essalna the Geomancer (level 10, -3/59 HPs)
             Began as a Gargoyle Earth Elementalist on Jan 14, 2021.
             Was an Elder of Vehumet.
             Slain by an orc knight
             ... wielding a +0 halberd
              (18 damage)
             ... in a bailey.
             The game lasted 00:30:09 (10918 turns).

Essalna the Geomancer (GrEE)                       Turns: 10918, Time: 00:30:09

Health: -3/59      AC: 18    Str: 12    XL:     10   Next: 96%
Magic:  4/21       EV: 14    Int: 19    God:    Vehumet [****..]
Gold:   468        SH:  0    Dex: 10    Spells: 11/24 levels left

rFire    . . .     SeeInvis .   F - +2 whip (elec)
rCold    + . .     Faith    .   (no shield)
rNeg     + . .     Spirit   .   I - +2 robe {Will+}
rPois    ∞         Reflect  .   l - +0 helmet
rElec    +         Harm     .   a - +0 cloak
rCorr    .         Rampage  .   z - +2 pair of gloves
Will     +....                  t - +0 pair of boots
Stlth    +++.......             (no amulet)
HPRegen  0.19/turn              e - ring of protection from cold
MPRegen  0.17/turn              D - ring of stealth

@: studying Dodging
A: negative energy resistance 1, electricity resistance, unbreathing,
petrification resistance, miasma immunity, AC +7
a: Renounce Religion


You were in a bailey.
You worshipped Vehumet.
Vehumet was greatly pleased with you.
You visited 1 branch of the dungeon, and saw 8 of its levels.
You also visited: Bailey.

You collected 468 gold pieces.

Inventory:

Hand Weapons
 d - a +0 spear
 u - a +0 vorpal flail
 F - a +2 whip of electrocution (weapon)
 J - the +7 bardiche of the Leaping Puffin {flame, *Rage rN+ Str+4 Stlth+, unknown}
   (You found it in a bailey)

   It has been specially enchanted to burn those struck by it, causing extra
   injury to most foes and up to half again as much damage against particularly
   susceptible opponents.
   Big, fiery blades are also staple armaments of hydra-hunters.
   It affects your strength (+4).
   It protects you from negative energy.
   It may make you go berserk in combat.
   It makes you more stealthy.
Missiles
 b - 240 stones
Armour
 a - a +0 cloak (worn)
 c - a +0 robe
 l - a +0 helmet (worn)
 t - a +0 pair of boots (worn)
 w - a +0 pair of gloves
 z - a +2 pair of gloves (worn)
 I - a +2 robe of willpower (worn)
Jewellery
 e - a ring of protection from cold (left hand)
 k - an uncursed ring of flight
 o - an uncursed ring of fire
 x - an uncursed ring of ice
 D - a ring of stealth (right hand)
 H - an uncursed amulet of the acrobat
Wands
 s - a wand of iceblast (7)
 y - a wand of acid (11)
 B - a wand of paralysis (13)
Scrolls
 j - 7 scrolls of remove curse
 p - 5 scrolls of identify
 G - 2 scrolls of teleportation
Potions
 f - a potion of mutation
 g - 2 potions of haste {unknown}
 h - a potion of invisibility {unknown}
 i - 3 potions of lignification {unknown}
 m - 6 potions of curing {unknown}
 n - a potion of cancellation {unknown}
 q - a potion of degeneration {unknown}
 r - a potion of flight {unknown}
 v - 3 potions of brilliance {unknown}
 A - a potion of ambrosia {unknown}
 C - 2 potions of attraction {unknown}
Books
 E - a manual of Dodging


   Skills:
 + Level 5.5 Fighting
 + Level 5.6 Armour
 + Level 6.1 Dodging
 - Level 2.3 Stealth
 + Level 7.9 Spellcasting
 - Level 4.0 Transmutations
 + Level 3.6 Fire Magic
 + Level 10.6 Earth Magic


You had 11 spell levels left.
You knew the following spells:

 Your Spells              Type           Power        Failure   Level
a - Sandblast             Erth           96%          1%          1
b - Stone Arrow           Conj/Erth      54%          1%          3
c - Lee's Rapid Deconstr  Erth           24%          1%          5
d - Sticky Flame          Conj/Fire      14%          12%         4

Your spell library contained the following spells:

 Spells                   Type           Power        Failure   Level
 Bolt of Magma            Conj/Fire/Erth 12%          10%         5
 Foxfire                  Conj/Fire      56%          1%          1
 Passwall                 Tmut/Erth      29%          1%          2
 Shock                    Conj/Air       28%          2%          1
 Conjure Flame            Conj/Fire      14%          3%          3
 Inner Flame              Hex/Fire       14%          3%          3
 Petrify                  Tmut/Erth      35%          4%          4
 Static Discharge         Conj/Air       7%           8%          3
 Swiftness                Air            7%           14%         2
 Airstrike                Air            3%           24%         4
 Confusing Touch          Hex            7%           28%         3
 Gell's Gravitas          Tloc           3%           28%         3
 Yara's Violent Unravell  Hex/Tmut       7%           28%         5
 Fireball                 Conj/Fire      7%           30%         5
 Lightning Bolt           Conj/Air       3%           52%         5
 Metabolic Englaciation   Hex/Ice        3%           95%         5


Dungeon Overview and Level Annotations

Branches:
Dungeon (8/15)             Temple (0/1) D:4          Bailey (1/1)
   Lair: D:8-11

Altars:
Dithmenos
Fedhas
Hepliaklqana
Nemelex Xobeh
Uskayaw
Vehumet
Wu Jian
Yredelemnul
The Shining One


Innate Abilities, Weirdness & Mutations

You are resistant to torment.
Your stone body is resilient. (AC +7)
You are immune to poison.
You resist negative energy. (rN+)
You are resistant to electric shocks. (rElec)
You can survive without breathing.
You are immune to petrification.
You are immune to miasma.


Message History

Fragment what (e.g. wall or brittle monster)?: an orc warrior, wielding a +0 glaive and wearing a +0 ring mail (severely wounded, strong)
An open door.
The stone door frame shatters!
The blast of rock fragments hits the orc warrior!
You kill the orc warrior!
Vehumet accepts your kill.
You feel your power returning.
The blast of rock fragments hits the orc knight!
The orc knight is heavily wounded.
Casting: Lee's Rapid Deconstruction (dangerous; 1% risk of failure)
Confirm with . or Enter, or press ? or * to list all spells.
Aiming: Lee's Rapid Deconstruction (dangerous; 1% risk of failure)
Press: ? - help, Dir - move target, f - orc knight Fragment what (e.g. wall or brittle monster)?: an orc knight, wielding a +0 halberd and wearing a +0 scale mail (heavily wounded)
An open door.
The stone door frame shatters!
The blast of rock fragments hits the orc knight!
The orc knight is almost dead.
The orc knight hits you from afar with a +0 halberd!!
You die...

...≈≈≈≈≈.................≈≈≈≈≈...
..≈≈#.#≈≈...............≈≈#.#≈≈..
..≈##.##≈...............≈##.##≈..
..≈).^..≈...............≈..^..≈..
..≈##.∩#≈...............≈#∩.##≈..
..≈≈#.#.≈....#######....≈.#.#≈≈..
...≈≈≈≈≈.....##....##....≈≈≈≈≈...
.............##.....##...........
.............##'@'#..##..........
.........##..##∩.∩##..#..........
.........##.####o####.##.........
.........##.')#).)#)'.##.........
.........##.###.8.###.##.........
.........##.')#).!#)'.##.........
..)......##.#########.##.........
..........#..##)#)##..#....).....
..........##..#'#'#..##..........


You could see an orc knight.

Vanquished Creatures
  A hydra (D:8)
  A cyclops (D:4)
  Psyche (D:8)
  2 water moccasins
  A sky beast (D:7)
  4 ice beasts
  10 orc warriors (Bailey)
  7 ogres
  3 centaurs
  A phantom (D:5)
  2 big kobolds
  4 bullfrogs
  3 scorpions
  9 killer bees
  A wight (D:6)
  2 howler monkeys
  2 orc priests (D:5)
  A bullfrog skeleton (D:7)
  A centaur skeleton (D:8)
  6 hounds
  4 orc wizards
  6 iguanas
  A gnoll shaman (D:4)
  4 worker ants
  Terence (D:2)
  A hound zombie (D:6)
  Robin (D:2)
  A worker ant zombie (D:5)
  42 gnolls (D:4)
  8 adders
  A shadow imp (D:6)
  3 white imps
  2 ufetubi
  2 oozes
  An adder zombie (D:4)
  3 adder skeletons
  4 worms
  3 dart slugs
  7 leopard geckos
  33 orcs
  3 ball pythons
  3 giant cockroaches
  20 goblins
  A hobgoblin (D:2)
  26 jackals
  2 quokkas
  11 bats
  8 frilled lizards
  17 kobolds
  A quokka zombie (D:6)
  3 rats
285 creatures vanquished.

Vanquished Creatures (others)
  4 plants (D:4)
4 creatures vanquished.

Grand Total: 289 creatures vanquished

Notes
Turn   | Place    | Note
-------+----------+-------------------------------------------
     0 | D:1      | Essalna the Gargoyle Earth Elementalist began the quest for
                  | the Orb.
     0 | D:1      | Reached XP level 1. HP: 10/10 MP: 3/3
   219 | D:1      | Reached skill level 1 in Transmutations
   219 | D:1      | Reached XP level 2. HP: 15/15 MP: 5/5
   630 | D:2      | Reached skill level 4 in Earth Magic
   648 | D:2      | Noticed Robin
   658 | D:2      | Reached XP level 3. HP: 19/19 MP: 6/6
   913 | D:2      | Killed Robin
  1198 | D:2      | Reached XP level 4. HP: 11/24 MP: 2/8
  1428 | D:2      | Found a hazy altar of Hepliaklqana.
  1615 | D:2      | Noticed Terence
  1635 | D:2      | Killed Terence
  2151 | D:2      | Found a faded altar of an unknown god.
  2425 | D:3      | Reached XP level 5. HP: 28/28 MP: 9/9
  2565 | D:3      | Found a glowing golden altar of the Shining One.
  2770 | D:3      | Found a basalt altar of Yredelemnul.
  2770 | D:3      | Found a transporter.
  2884 | D:3      | Found a transporter.
  2993 | D:4      | Noticed an ogre
  3002 | D:4      | Killed an ogre
  3003 | D:4      | Reached skill level 5 in Earth Magic
  3003 | D:4      | Reached XP level 6. HP: 32/32 MP: 5/11
  3072 | D:4      | Found an ornate altar of the Wu Jian Council.
  3106 | D:4      | You fall into a shaft and drop 3 floors!
  3142 | D:7      | Noticed an ice beast
  3436 | D:6      | Noticed an ice beast
  3492 | D:6      | Learned a level 3 spell: Stone Arrow
  3517 | D:6      | Reached skill level 6 in Earth Magic
  3517 | D:6      | Reached XP level 7. HP: 16/36 MP: 3/13
  3717 | D:5      | Entered Level 5 of the Dungeon
  3717 | D:5      | Found a sparkling altar of Nemelex Xobeh.
  3915 | D:5      | Found a hide-covered altar of Uskayaw.
  3915 | D:5      | Noticed a +0 dagger
  3915 | D:5      | Noticed a +0 hand axe
  4026 | D:5      | Found a radiant altar of Vehumet.
  4063 | D:5      | Became a worshipper of Vehumet
  4135 | D:5      | Reached skill level 7 in Earth Magic
  4137 | D:5      | Reached skill level 5 in Spellcasting
  4137 | D:5      | Reached XP level 8. HP: 37/41 MP: 9/15
  4411 | D:6      | Reached skill level 8 in Earth Magic
  4959 | D:5      | Reached * piety under Vehumet
  4959 | D:5      | Offered knowledge of Shock by Vehumet.
  5450 | D:4      | Learned a level 5 spell: Lee's Rapid Deconstruction
  5500 | D:4      | Reached skill level 1 in Fighting
  5500 | D:4      | Reached skill level 1 in Armour
  5972 | D:4      | Offered knowledge of Searing Ray by Vehumet.
  5973 | D:4      | Reached XP level 9. HP: 47/47 MP: 11/18
  6070 | D:4      | Found a staircase to the Ecumenical Temple.
  6075 | D:4      | Found a blossoming altar of Fedhas.
  6108 | D:4      | Reached ** piety under Vehumet
  6229 | D:4      | Noticed a cyclops
  6468 | D:4      | Reached skill level 9 in Earth Magic
  6818 | D:4      | HP: 2/48 [cyclops/large rock (22)]
  8468 | D:4      | Killed a cyclops
  8751 | D:4      | Offered knowledge of Dazzling Flash by Vehumet.
  8807 | D:4      | Learned a level 4 spell: Sticky Flame
  9031 | D:7      | Reached skill level 1 in Fire Magic
  9036 | D:7      | Reached *** piety under Vehumet
  9037 | D:7      | Reached XP level 10. HP: 48/56 MP: 2/20
  9384 | D:7      | Reached skill level 10 in Earth Magic
  9422 | D:7      | Noticed a kobold demonologist
  9587 | D:8      | Reached skill level 5 in Dodging
  9646 | D:8      | Offered knowledge of Olgreb's Toxic Radiance by Vehumet.
  9647 | D:8      | Noticed a five-headed hydra
  9653 | D:8      | Killed a five-headed hydra
  9657 | D:8      | Reached skill level 5 in Armour
  9804 | D:8      | Reached skill level 5 in Fighting
  9814 | D:8      | Found a shadowy altar of Dithmenos.
  9838 | D:8      | Found a flagged portal.
  9846 | D:8      | Noticed Psyche
  9855 | D:8      | Killed Psyche
  9862 | Bailey   | Entered a bailey
 10005 | Bailey   | Reached **** piety under Vehumet
 10597 | Bailey   | Offered knowledge of Bolt of Magma by Vehumet.
 10912 | Bailey   | Got a twisted bardiche
 10913 | Bailey   | Noticed an orc knight
 10918 | Bailey   | Slain by an orc knight

Illustrated notes

Levels and vault maps discovered:
D:1:      dpeg_arrival_pits, layout_rooms
D:2:      layout_basic, lemuel_doored_altar, chequers_ecumenical_altar_simple,
          chequers_serial_rivers_room_a, uniq_terence, uniq_robin
D:3:      layout_rooms, gammafunk_temple_overflow_arena, general_overflow_altar
D:4:      lemuel_castle_with_subvaults [lemuel_castle_interior_original],
          layout_cave_pools, fedhas_altar_1, marbit_many_paths,
          minmay_temple_entry_antechambers, minmay_circle_x
D:5:      layout_rooms, nicolae_overflow_hidden_temple,
          nicolae_overflow_crystal_walls, dancing_weapons_uskayaw
D:6:      layout_loops_ring, grunt_decor_mini_mirrors, minmay_manual_mess
D:7:      layout_rooms, st_stairs_11, kennysheep_generic_room_5
D:8:      minmay_diamond_stairs, layout_basic, kennysheep_little_box,
          lemuel_crystal_altar, enter_bailey_2, uniq_psyche
Bailey:   bailey_polearm_2, bailey

Skill      XL: |  1  2  3  4  5  6  7  8  9 10 |
---------------+-------------------------------+-----
Transmutations | 1 2 3 4 |  4.0
Earth Magic    | 4 5 6 7 8 9 10 | 10.6
Spellcasting   | 3 4 5 6 7 |  7.9
Dodging        | 2 4 6 |  6.1
Fighting       | 1 4 5 |  5.5
Armour         | 1 3 5 |  5.6
Fire Magic     | 1 3 |  3.6
Stealth        | |  2.3

Action                   |  1- 3 |  4- 6 |  7- 9 | 10-12 || total
-------------------------+-------+-------+-------+-------++-------
Melee: Spear             |    97 |    72 |       |       ||   169
       Flail             |       |    59 |   189 |       ||   248
       Whip              |       |       |    33 |    62 ||    95
 Cast: Sandblast         |    14 |    53 |    61 |    10 ||   138
       Stone Arrow       |       |       |   112 |    49 ||   161
       Lee's Rapid Decon |       |       |     7 |    19 ||    26
  Use: Scroll            |       |     2 |     2 |     6 ||    10
 Stab: Sleeping          |     3 |     4 |     2 |     1 ||    10
Armor: Robe              |    37 |    58 |   179 |    33 ||   307
Dodge: Dodged            |    79 |   110 |   298 |    82 ||   569

Table legend: (Time is in decaauts)
 A = Elapsed time spent in this place.
 B = Non-inter-level travel time spent in this place.
 C = Inter-level travel time spent in this place.
 D = Time resting spent in this place.
 E = Time spent auto-exploring this place.
 F = Levels seen in this place.
 G = Mean time per level.
                   A        B        C        D        E       F      G
               +--------+--------+--------+--------+--------+-----+--------+
         Total |  11051 |  10567 |    484 |   1224 |   7078 |   9 | 1227.9 |
       Dungeon |   9993 |   9509 |    484 |   1224 |   6188 |   8 | 1249.1 |
        Bailey |   1058 |   1058 |      0 |      0 |    890 |   1 | 1058.0 |
               +--------+--------+--------+--------+--------+-----+--------+

Top non-repeatable levels by time:
     D:4: 2476 daAuts
     D:6: 1921 daAuts
     D:5: 1524 daAuts
     D:2: 1357 daAuts
  Bailey: 1058 daAuts
     D:3: 980 daAuts
     D:1: 837 daAuts
     D:7: 462 daAuts
     D:8: 432 daAuts
